 Dungeon Crawl Stone Soup version 0.27-a0-906-g0a00ce863d (webtiles) character file.

Game seed: 1858477049482064723

12 Lanoc the Magician (level 2, 0/23 HPs)
             Began as a Djinni Warper on Apr 7, 2021.
             Was a Follower of Wu Jian.
             Slain by a quokka (3 damage)
             ... on level 1 of the Dungeon.
             The game lasted 00:00:41 (398 turns).

Lanoc the Magician (Djinni Warper)                   Turns: 398, Time: 00:00:41

Health: 0/23       AC:  3    Str: 10    XL:     2   Next: 33%
Gold:   20         EV: 11    Int: 14    God:    Wu Jian [*.....] SH:  0 Dex: 12

rFire    + + .     SeeInvis .   a - +0 falchion
rCold    x . .     Faith    .   (no shield)
rNeg     . . .     Spirit   .   b - +0 leather armour
rPois    ∞         Reflect  .   (no helmet)
rElec    .         Harm     .   (no cloak)
rCorr    .         Rampage  .   (no gloves)
Will     .....                  (boots unavailable)
Stlth    +.........             (no amulet)
HPRegen  0.07/turn              (no ring)
MPRegen  0.00/turn              (no ring)

@: flying
A: fire resistance 2, cold vulnerability 1, float, innate caster, hp casting,
extra vitality 1
a: Renounce Religion


You were on level 1 of the Dungeon.
You worshipped Wu Jian.
Wu Jian was aware of your devotion.
You visited 1 branch of the dungeon, and saw 1 of its levels.

You collected 20 gold pieces.

Inventory:

Hand Weapons
 a - a +0 falchion (weapon)
Missiles
 e - 5 boomerangs of dispersal (quivered)
 g - 2 boomerangs
Armour
 b - a +0 leather armour (worn)
Scrolls
 d - 2 scrolls of blinking
 f - a scroll of magic mapping {unknown}
Potions
 c - a potion of heal wounds {unknown}


   Skills:
 + Level 2.2 Fighting
 - Level 1.7 Long Blades
 - Level 0.7 Throwing
 - Level 1.0 Armour
 + Level 2.4 Dodging
 * Level 3.0 Spellcasting


You couldn't memorise any spells.
You knew the following spells:

 Your Spells              Type           Power      Damage    Failure   Level
b - Lesser Beckoning      Tloc           5%         N/A       26%         3
c - Gell's Gravitas       Tloc           5%         N/A       26%         3
d - Teleport Other        Tloc           10%        N/A       26%         3
e - Manifold Assault      Tloc           10%        N/A       93%         5
h - Blink                 Tloc           N/A        N/A       13%         2
Your spell library was empty.

Dungeon Overview and Level Annotations

Branches:
Dungeon (1/15)

Altars:
Wu Jian


Innate Abilities, Weirdness & Mutations

You are immune to poison.
Your flesh is very heat resistant. (rF++)
You are vulnerable to cold. (rC-)
You float through the air rather than walking.
You learn spells naturally, not from books.
Your magical power is your life essence.
You have superior vitality. (+4 HP)


Message History

The hobgoblin closely misses you. The frilled lizard barely misses you.
You riposte.
You hit the frilled lizard.
You kill the frilled lizard!
The Council accepts your kill. The kobold barely misses you.
Your Spellcasting skill increases to level 3!
The bat barely misses you.
You lunge at the kobold.
You barely miss the kobold.
The kobold is severely wounded.
The bat hits you but does no damage. The hobgoblin barely misses you.
The kobold hits you with a +0 dagger.
There is an open door here.
You hit the kobold.
You kill the kobold!
The Council accepts your kill. The bat hits you.
The quokka bites you but does no damage.
The hobgoblin hits you but does no damage.
The quokka bites you. The hobgoblin hits you.
You barely miss the quokka. The goblin misses you. The quokka bites you.
The hobgoblin hits you.
You hit the goblin.
You kill the goblin!
The Council accepts your kill. The quokka bites you.
You closely miss the quokka.
The quokka bites you but does no damage.
You closely miss the quokka. The quokka barely misses you.
You riposte.
You barely miss the quokka. You barely miss the quokka.
The quokka closely misses you.
The quokka bites you but does no damage.
You hit the quokka but do no damage. The quokka bites you.
* * * LOW HITPOINT WARNING * * *
The quokka bites you but does no damage.
You see here a rat corpse.
There is an open door here.
You hit the quokka but do no damage. The quokka bites you.
* * * LOW HITPOINT WARNING * * *
The quokka bites you.
You die...

#.. #.. #.. ############
###+####### #.. ....?..#...#
#.........# #..
.......#...###§........# #(.
......†#..S#.§.§.......####..
.....hrbgShr@§_§.......†..'..
......b#...##§..##.########..
...?:..#...#######.# ###
.......#...# #.. .......#...#
.... .......#...# .....
...........# .......
.......#.... .......######
.###... ..........


You could see a quokka, 2 jackals, a hobgoblin, 2 bats, 2 ball pythons and a
rat.

Vanquished Creatures
  A giant cockroach (D:1)
  A goblin (D:1)
  A hobgoblin (D:1)
  2 ball pythons (D:1)
  2 bats (D:1)
  A frilled lizard (D:1)
  2 kobolds (D:1)
  2 rats (D:1)
12 creatures vanquished.

Notes
Turn   | Place    | Note
-------+----------+-------------------------------------------
     0 | D:1      | Lanoc the Djinni Warper began the quest for the Orb.
     0 | D:1      | Reached XP level 1. HP: 18/18 MP: 0/0
   317 | D:1      | Reached XP level 2. HP: 23/23 MP: 0/0
   359 | D:1      | Found a faded altar of an unknown god.
   367 | D:1      | Became a worshipper of the Wu Jian Council
   367 | D:1      | Reached * piety under Wu Jian
   384 | D:1      | Reached skill level 3 in Spellcasting
   398 | D:1      | Slain by a quokka

Illustrated notes

Levels and vault maps discovered:
D:1:      doesnt_arrival_eight_statues, layout_basic,
          ebering_ecumenical_altar_mist, minmay_strange_pillars

Skill      XL: |  1  2 |
---------------+-------+-----
Spellcasting   | 3 |  3.0
Fighting       | |  2.2
Long Blades    | |  1.7
Throwing       | |  0.7
Armour         | |  1.0
Dodging        | |  2.4

Action                   || total
-------------------------++-------
Melee: Falchion          ||    32
Invok: Lunge             ||     1
Armor: Leather armour    ||    16
Dodge: Dodged            ||    20
       Rpst.: Falchion   ||     6

Table legend: (Time is in decaauts)
 A = Elapsed time spent in this place.
 B = Non-inter-level travel time spent in this place.
 C = Inter-level travel time spent in this place.
 D = Time resting spent in this place.
 E = Time spent auto-exploring this place.
 F = Levels seen in this place.
 G = Mean time per level.
                   A        B        C        D        E       F      G
               +--------+--------+--------+--------+--------+-----+--------+
         Total |    404 |    404 |      0 |      0 |    324 |   1 |  404.0 |
       Dungeon |    404 |    404 |      0 |      0 |    324 |   1 |  404.0 |
               +--------+--------+--------+--------+--------+-----+--------+

Top non-repeatable levels by time:
     D:1: 404 daAuts
